 Dungeon Crawl Stone Soup version 0.16.1-11-g651b585 (webtiles) character file.

72 Magnus the Charmwright (level 4, 0/34 HPs)
             Began as a Demonspawn Skald on Apr 5, 2015.
             Succumbed to an adder's poison
             ... on level 2 of the Dungeon.
             The game lasted 00:08:31 (1680 turns).

Magnus the Charmwright (Demonspawn Skald)           Turns: 1680, Time: 00:08:31

Health: 0/34       AC:  3    Str: 13    XL:     4   Next: 7%
Magic:  4/7        EV: 11    Int: 14    God:
Gold:   40         SH:  0    Dex: 12    Spells: 1 memorised, 6 levels left

rFire  . . .     SeeInvis .     a - +0 spear
rCold  + . .     Clarity  .     b - +0 leather armour
rNeg   . . .     SustAb   .     (no shield)
rPois  .         Gourm    .     (helmet restricted)
rElec  .         Spirit   .     (no cloak)
rCorr  .         Warding  .     (no gloves)
rMut   .         Stasis   .     (no boots)
MR     .....                    (no amulet)
Stlth  ++........               m - ring of stealth
                                k - ring of protection from cold

@: lethally poisoned (0 -> -5), not resistant to hostile enchantments,
unstealthy
A: horns 1, rot immunity
a: no special abilities


You were on level 2 of the Dungeon.
You were hungry.

You visited 1 branch of the dungeon, and saw 2 of its levels.

You collected 40 gold pieces.

Inventory:

Hand weapons
 a - a +0 spear (weapon)
 e - a +0 halberd
Armour
 b - a +0 leather armour (worn)
 g - a +2 shield
 o - a +0 ring mail
Jewellery
 k - a ring of protection from cold (left hand)
 m - a ring of stealth (right hand)
Scrolls
 f - a scroll of teleportation
Books
 c - a book of Battle

   Spells                             Type                      Level
   a - Infusion                       Charms                       1
   b - Shroud of Golubria             Charms/Translocation         2
   c - Song of Slaying                Charms                       2
   d - Spectral Weapon                Hexes/Charms                 3
   e - Regeneration                   Charms/Necromancy            3
Comestibles
 d - a bread ration


   Skills:
 + Level 2.8 Fighting
 + Level 2.7 Polearms
 - Level 0.8 Armour
 - Level 0.8 Dodging
 - Level 2.0 Spellcasting
 + Level 3.4 Charms


You had 6 spell levels left.
You knew the following spells:

 Your Spells              Type           Power        Failure   Level  Hunger
a - Infusion              Chrm           ##....       10%         1    ##.....


Dungeon Overview and Level Annotations

Branches:
Dungeon (2/15)

Altars:
Fedhas
Qazlal


Innate Abilities, Weirdness & Mutations

You have a pair of small horns on your head.
You are immune to rotting.


Message History

Eat which item? (? for menu, Esc to quit)
Okay, then.
k - a ring of protection from cold (left hand)
m - a ring of stealth (right hand)
* * * LOW HITPOINT WARNING * * *
You feel sick.
This spell is quite dangerous to cast!
Memorise Regeneration, consuming 3 spell levels and leaving 3?
You start memorising the spell.
You continue memorising.
Your memorisation is interrupted.
* * * LOW HITPOINT WARNING * * *
You feel sick.
* * * LOW HITPOINT WARNING * * *
You feel sick.
* * * LOW HITPOINT WARNING * * *
You feel sick.
You see here a rat corpse.
* * * LOW HITPOINT WARNING * * *
You feel sick.
You die...

#.# ###÷######
.....<÷÷.#############
###.####.#......P.....
#.####.#.##.PPPP.##
#h##........PP_PP#
#.##.#.#.##..P.P.#
#.##.#.#.##....P?#####
#......#...†..@......#
####........†§.........
####.####.#........ #.
...._≈#.#.#. #.
#..#§≈≈..# #
.%......^≈#.#
#.##.....##.# #.
#.....# . #. ### ###


There were no monsters in sight!

Vanquished Creatures
  An adder (D:2)
  3 gnolls
  2 giant geckos
  3 bats (D:1)
  3 goblins (D:1)
  3 hobgoblins (D:1)
  4 jackals (D:2)
  A ball python (D:1)
  2 giant cockroaches
  2 giant newts
  A kobold (D:1)
  6 rats
31 creatures vanquished.

Notes
Turn   | Place    | Note
--------------------------------------------------------------
     0 | D:1      | Magnus, the Demonspawn Skald, began the quest for the Orb.
     0 | D:1      | Reached XP level 1. HP: 16/16 MP: 3/3
   407 | D:1      | Gained mutation: You have a pair of small horns on your head. [demonic ancestry]
   407 | D:1      | Reached XP level 2. HP: 22/22 MP: 4/4
  1159 | D:2      | Reached skill level 3 in Charms
  1281 | D:2      | Found a blossoming altar of Fedhas.
  1286 | D:2      | Found a stormy altar of Qazlal.
  1314 | D:2      | Gained mutation: You are immune to rotting. [demonic ancestry]
  1314 | D:2      | Reached XP level 3. HP: 23/28 MP: 0/6
  1670 | D:2      | Reached XP level 4. HP: 6/34 MP: 3/7
  1678 | D:2      | HP: 1/34 [poisoned by an adder]
  1680 | D:2      | Succumbed to an adder's poison

Action                   |  1- 3 |  4- 6 || total
-------------------------+-------+-------++-------
Melee: Spear             |   127 |       ||   127
 Cast: Infusion          |     3 |       ||     3
  Use: Scroll            |     4 |       ||     4
       Potion            |     4 |       ||     4
  Eat: Chunk             |     2 |       ||     2
